General information
- name: BNet
- type: Ladder 1vs1/FFA
- host: Battle.net
- saver: LW-Stupidus
map: TerenasStand
- players: 2
- length: 42:31
- speed: Fast
- version: 1.23 W3XP
- replay type: Public
» download(141 KB)
Players
team 1 (winner)
LW-Stupidus (
pink | 71 APM | 3026 actions | 42:31)
7 Priestess of the Moon
3 Scout
3 Trueshot Aura
1 Starfall
» actions
| Assign group hotkey | 54 | |
| Basic commands | 266 | |
| Build / train | 126 | |
| ESC pressed | 4 | |
| Enter build submenu | 36 | |
| Enter hero's abilities submenu | 7 | |
| Remove unit from queue | 1 | |
| Right click | 1416 | |
| Select / deselect | 731 | |
| Select group hotkey | 260 | |
| Use ability | 125 | |
3026 total
» units
| Wisp | 51 | |
| Archer | 32 | |
| Glaive Thrower | 9 | |
| Chimaera | 7 | |
99 total
» upgrades
| Ultravision | 1 | |
| Nature's Blessing | 1 | |
| Improved Bows | 1 | |
| Strength of the Moon | 3 | |
| Marksmanship | 1 | |
| Vorpal Blades | 1 | |
| Corrosive Breath | 1 | |
9 total
» buildings
| Altar of Elders | 1 | |
| Moon Well | 6 | |
| Ancient of War | 8 | |
| Hunter's Hall | 1 | |
| Tree of Ages | 1 | |
| Ancient Protector | 12 | |
| Tree of Life | 4 | |
| Tree of Eternity | 1 | |
| Ancient of Wind | 1 | |
| Chimaera Roost | 2 | |
37 total
» build order
00:09 Altar of Elders
00:14 Moon Well
00:39 Ancient of War
01:35 Moon Well
02:08 Moon Well
02:30 Ancient of War
03:00 Ancient of War
04:10 Hunter's Hall
04:50 Moon Well
06:34 Tree of Ages
07:00 Ancient Protector
07:03 Ancient Protector
09:15 Tree of Life
10:34 Ancient Protector
10:45 Ancient Protector
11:13 Ancient Protector
11:37 Ancient Protector
12:28 Ancient Protector
13:28 Tree of Life
14:39 Ancient Protector
16:16 Ancient Protector
16:19 Ancient Protector
16:26 Ancient of War
17:07 Tree of Eternity
17:11 Ancient Protector
17:57 Ancient of War
18:09 Tree of Life
18:11 Tree of Life
19:27 Ancient of War
19:39 Ancient of War
20:26 Ancient of War
20:50 Ancient Protector
21:42 Moon Well
29:23 Ancient of Wind
30:48 Chimaera Roost
30:50 Chimaera Roost
33:22 Moon Well
» items
| Scroll of Healing | 2 | |
| Potion of Lesser Invulnerability | 1 | |
3 total
team 2 (loser)
BATADDICT (
yellow | 97 APM | 4118 actions | 42:28)
8 Blademaster
3 Wind Walk
3 Critical Strike
1 Bladestorm
1 Mirror Image
» actions
| Assign group hotkey | 36 | |
| Basic commands | 21 | |
| Build / train | 137 | |
| Enter build submenu | 43 | |
| Enter hero's abilities submenu | 10 | |
| Give item / drop item | 10 | |
| Remove unit from queue | 2 | |
| Right click | 2166 | |
| Select / deselect | 443 | |
| Select group hotkey | 1014 | |
| Use ability | 236 | |
4118 total
» units
| Peon | 17 | |
| Demolisher | 1 | |
| Troll Batrider | 18 | |
| Tauren | 7 | |
| Troll Witch Doctor | 5 | |
| Spirit Walker | 2 | |
| Wind Rider | 4 | |
54 total
» upgrades
| Reinforced Defenses | 1 | |
| Liquid Fire | 1 | |
| Burning Oil | 1 | |
| Ranged Weapons | 2 | |
| Witch Doctor Training | 2 | |
| Pulverize | 1 | |
8 total
» buildings
| Altar of Storms | 2 | |
| Orc Burrow | 7 | |
| Voodoo Lounge | 5 | |
| War Mill | 1 | |
| Watch Tower | 20 | |
| Stronghold | 2 | |
| Beastiary | 2 | |
| Barracks | 1 | |
| Fortress | 1 | |
| Tauren Totem | 2 | |
| Spirit Lodge | 1 | |
44 total
» build order
00:04 Altar of Storms
00:22 Orc Burrow
00:30 Voodoo Lounge
00:32 Voodoo Lounge
01:20 War Mill
02:32 Watch Tower
02:37 Watch Tower
03:00 Orc Burrow
03:24 Stronghold
03:25 Stronghold
04:19 Watch Tower
04:30 Orc Burrow
05:50 Beastiary
05:57 Barracks
06:31 Fortress
09:24 Beastiary
10:47 Orc Burrow
15:05 Watch Tower
15:06 Watch Tower
15:07 Watch Tower
15:08 Watch Tower
16:31 Watch Tower
16:34 Watch Tower
16:37 Watch Tower
16:41 Watch Tower
16:44 Watch Tower
17:53 Orc Burrow
19:43 Tauren Totem
19:48 Spirit Lodge
20:41 Orc Burrow
21:59 Watch Tower
22:01 Watch Tower
22:02 Watch Tower
22:03 Watch Tower
23:26 Watch Tower
23:28 Watch Tower
23:30 Watch Tower
27:32 Tauren Totem
28:30 Watch Tower
29:01 Orc Burrow
32:54 Voodoo Lounge
36:15 Voodoo Lounge
38:04 Voodoo Lounge
39:07 Altar of Storms
» items
| Healing Salve | 12 | |
| Lesser Clarity Potion | 21 | |
| Dust of Appearance | 2 | |
| Boots of Speed | 1 | |
| Staff of Teleportation | 1 | |
| Orb of Lightning | 1 | |
| Potion of Lesser Invulnerability | 4 | |
| Tiny Great Hall | 2 | |
| Potion of Mana | 2 | |
| Potion of Healing | 2 | |
48 total
Chat log
(00:17 / All) BATADDICT: lost the last 2 games lol
(00:54 / All) LW-Stupidus: im surprised you're winning if you are gonna mass bats so much
(01:06 / All) BATADDICT: I play standard
(01:12 / All) BATADDICT: dude
(01:20 / All) LW-Stupidus: yeah, gonna have to end up scouting this game vs orc :(
(01:23 / All) LW-Stupidus: something i never do
(01:30 / All) BATADDICT: i only bat vs elf
(01:36 / All) BATADDICT: watch my replays
(01:41 / All) BATADDICT: i can micro
(01:57 / All) BATADDICT: iget pissed when i lose when i play standard
(02:17 / All) LW-Stupidus: pissed off when you lose?
(02:18 / All) LW-Stupidus: heresy
(10:19 / All) BATADDICT: gahhhhhhhhhhhhhhhhhhhhh
(10:32 / All) BATADDICT: badbad
(10:38 / All) LW-Stupidus: ive made mistakes too
(10:41 / All) LW-Stupidus: had to uproot
(25:28 / All) BATADDICT: bad bad
(25:32 / All) BATADDICT: worst timeing
(31:15 / All) BATADDICT: gg
(31:24 / All) LW-Stupidus: cmon alrdy with the taurens
(31:25 / All) LW-Stupidus: -_-
(31:32 / All) BATADDICT: meh..
(36:38 / All) BATADDICT: if my bm didnt die
(36:48 / All) BATADDICT: i woulda kept the expo
(36:55 / All) BATADDICT: just bad lucj
(38:11 / All) BATADDICT: gold?
(38:26 / All) LW-Stupidus: 5l
(38:27 / All) LW-Stupidus: 4k
(38:28 / All) BATADDICT: gold
(38:34 / All) BATADDICT: man
(38:37 / All) BATADDICT: i woulda won
(38:40 / All) BATADDICT: if my bm didnt die
(38:45 / All) BATADDICT: i coulda defended the expo
(38:54 / All) BATADDICT: so stupid
(38:58 / All) BATADDICT: game decided by one mistake
(39:31 / All) BATADDICT: i beat elves better than you
(39:36 / All) BATADDICT: normally
(39:47 / All) BATADDICT: rematch?
(39:51 / All) LW-Stupidus: lol sure
(39:56 / All) BATADDICT: yeah right
(39:58 / All) BATADDICT: squelch?
(40:04 / All) BATADDICT: dontlie
(40:08 / All) LW-Stupidus: huh
(40:20 / All) BATADDICT: man
(40:23 / All) BATADDICT: i woulda kept the expo
(40:27 / All) BATADDICT: mif my bm didnt die
(40:36 / All) BATADDICT: i woulda won
(40:46 / All) BATADDICT: do you feel me?
(40:48 / All) LW-Stupidus: yes
(40:51 / All) LW-Stupidus: losing is hard
(40:54 / All) BATADDICT: lol yeah right
(41:02 / All) BATADDICT: losing to one stupid mistake
(41:10 / All) BATADDICT: you were too cocky
(41:12 / All) BATADDICT: at start
(41:48 / All) BATADDICT: I'm not a noob
(41:53 / All) BATADDICT: i don't lose to people like you
(41:54 / All) LW-Stupidus: u have nothing to prove its ok
(42:04 / All) BATADDICT: yes I do
(42:07 / All) BATADDICT: i can beat you
(42:09 / All) BATADDICT: at leasty
(42:12 / All) LW-Stupidus: well
(42:15 / All) LW-Stupidus: chill
(42:16 / All) BATADDICT: fucking lucky noob
(42:17 / All) LW-Stupidus: u lose
(42:18 / All) BATADDICT: stfu
(42:22 / All) LW-Stupidus: lol
(42:23 / All) BATADDICT: 3rd game in a row